[ AOE2 MATCH · #465312042 ]
1v1 RMCelts vs Portuguese
Player's team · WIN
[ REPLAY ANALYSIS · EXTRACTED FROM THE RECORDED GAME ]
Feudal
10:25
Castle
20:43
Imperial
—
| APM avg | 28.2 |
| APM peak | 81 |
| eAPM avg | 15.3 |
| Villagers / military | 137 / 28 |
Focus
⚔️ 18.6% · 🌾 81.4%
Woad Raider ×11 · Battering Ram ×10 · Militia ×5 · Monk ×1 · Archer ×1
Feudal
—
Castle
—
Imperial
—
| APM avg | 26.5 |
| APM peak | 51 |
| eAPM avg | 12.3 |
| Villagers / military | 56 / 19 |
Focus
⚔️ 22.5% · 🌾 77.5%
Militia ×10 · Skirmisher ×4 · Organ Gun ×2 · Monk ×1 · Mangonel ×1 · Battering Ram ×1
Match map
Initial resources + every placement click. Lines = walls · curves = elevation contours. ◆ gold · ⬟ stone · ● berries · ✦ relic · ◌ wall gap
Inputs per minute
— sandlot - - kenneth3011
Build order — sandlot
First 150 of 278 actions detected
| 0:02 | Create | Villager (Male) |
| 0:02 | Create | Villager (Male) |
| 0:02 | Create | Villager (Male) |
| 0:03 | Build | House |
| 0:06 | Build | House |
| 0:49 | Create | Villager (Male) |
| 1:20 | Research | Loom |
| 1:33 | Create | Villager (Male) |
| 2:17 | Create | Villager (Male) |
| 2:21 | Create | Villager (Male) |
| 2:53 | Build | Lumber Camp |
| 3:11 | Create | Villager (Male) |
| 3:11 | Create | Villager (Male) |
| 3:11 | Create | Villager (Male) |
| 3:21 | Build | Palisade Wall |
| 3:24 | Build | Palisade Wall |
| 3:26 | Build | Palisade Wall |
| 3:27 | Build | Palisade Wall |
| 3:41 | Create | Villager (Male) |
| 3:59 | Create | Villager (Male) |
| 4:15 | Build | House |
| 4:16 | Build | House |
| 5:14 | Create | Villager (Male) |
| 5:17 | Build | Palisade Wall |
| 5:19 | Build | Palisade Wall |
| 5:19 | Build | Palisade Wall |
| 5:36 | Build | Mill |
| 5:49 | Create | Villager (Male) |
| 5:49 | Create | Villager (Male) |
| 6:15 | Create | Villager (Male) |
| 6:15 | Create | Villager (Male) |
| 6:16 | Create | Villager (Male) |
| 7:37 | Create | Villager (Male) |
| 8:15 | Research | Feudal Age |
| 8:17 | Build | Barracks |
| 9:12 | Build | Palisade Wall |
| 9:13 | Create | Militia |
| 9:14 | Create | Militia |
| 9:19 | Build | Lumber Camp |
| 10:01 | Build | House |
| 10:25 | Age | Feudal Age |
| 10:25 | Create | Militia |
| 10:33 | Research | Double-Bit Axe |
| 10:41 | Create | Villager (Male) |
| 11:00 | Create | Villager (Male) |
| 11:21 | Build | Farm |
| 11:31 | Research | Man-at-Arms (upgrade) |
| 12:02 | Create | Villager (Male) |
| 12:04 | Build | Farm |
| 12:06 | Build | Farm |
| 12:08 | Build | Farm |
| 12:16 | Build | Farm |
| 12:19 | Build | Farm |
| 12:21 | Build | Farm |
| 12:28 | Create | Villager (Male) |
| 12:31 | Build | Farm |
| 12:35 | Build | Mill |
| 13:01 | Create | Villager (Male) |
| 13:06 | Build | Archery Range |
| 13:30 | Create | Villager (Male) |
| 13:30 | Create | Villager (Male) |
| 13:39 | Build | House |
| 13:41 | Build | House |
| 14:00 | Research | Town Watch |
| 14:05 | Build | Mining Camp |
| 14:06 | Create | Villager (Male) |
| 14:27 | Research | Horse Collar |
| 14:30 | Build | House |
| 14:31 | Build | House |
| 14:33 | Build | House |
| 14:34 | Build | Palisade Wall |
| 14:37 | Create | Villager (Male) |
| 14:53 | Create | Villager (Male) |
| 15:10 | Build | Market |
| 15:14 | Create | Villager (Male) |
| 15:52 | Create | Villager (Male) |
| 16:10 | Build | Blacksmith |
| 16:17 | Build | Farm |
| 16:34 | Create | Villager (Male) |
| 16:54 | Create | Villager (Male) |
| 17:06 | Build | Palisade Wall |
| 17:10 | Build | Palisade Wall |
| 17:15 | Build | Mining Camp |
| 17:27 | Create | Villager (Male) |
| 17:39 | Build | Farm |
| 17:40 | Build | Farm |
| 17:40 | Build | Farm |
| 17:41 | Build | Farm |
| 18:03 | Research | Castle Age |
| 18:26 | Create | Archer |
| 20:08 | Create | Militia |
| 20:12 | Research | Scale Mail Armor |
| 20:13 | Research | Forging |
| 20:43 | Age | Castle Age |
| 20:48 | Build | Town Center |
| 20:56 | Build | Town Center |
| 21:00 | Build | House |
| 21:03 | Create | Villager (Male) |
| 21:03 | Create | Villager (Male) |
| 21:10 | Create | Militia |
| 21:16 | Research | Long Swordsman (upgrade) |
| 21:21 | Research | Chain Mail Armor |
| 21:33 | Build | Town Center |
| 22:05 | Build | Farm |
| 22:07 | Create | Villager (Male) |
| 22:07 | Create | Villager (Male) |
| 22:07 | Create | Villager (Male) |
| 22:08 | Create | Villager (Male) |
| 22:11 | Create | Villager (Male) |
| 22:11 | Create | Villager (Male) |
| 22:11 | Create | Villager (Male) |
| 22:11 | Create | Villager (Male) |
| 22:11 | Create | Villager (Male) |
| 22:12 | Create | Villager (Male) |
| 22:36 | Build | Farm |
| 22:36 | Build | Farm |
| 22:37 | Build | Farm |
| 22:49 | Research | Wheelbarrow |
| 22:50 | Create | Villager (Male) |
| 22:50 | Create | Villager (Male) |
| 23:00 | Build | Farm |
| 23:29 | Create | Villager (Male) |
| 23:29 | Create | Villager (Male) |
| 23:30 | Create | Villager (Male) |
| 23:32 | Build | Farm |
| 23:35 | Build | Farm |
| 23:48 | Build | Farm |
| 23:51 | Create | Villager (Male) |
| 23:53 | Create | Villager (Male) |
| 24:15 | Create | Villager (Male) |
| 24:15 | Create | Villager (Male) |
| 24:20 | Build | Farm |
| 24:20 | Build | Farm |
| 24:21 | Build | Farm |
| 24:21 | Build | Farm |
| 24:24 | Build | Farm |
| 24:37 | Create | Villager (Male) |
| 24:37 | Create | Villager (Male) |
| 24:45 | Build | Farm |
| 25:02 | Build | Monastery |
| 25:06 | Create | Villager (Male) |
| 25:07 | Create | Villager (Male) |
| 25:07 | Create | Villager (Male) |
| 25:07 | Create | Villager (Male) |
| 25:07 | Create | Villager (Male) |
| 25:10 | Build | Farm |
| 25:12 | Build | Farm |
| 25:32 | Create | Villager (Male) |
| 25:32 | Create | Villager (Male) |
| 25:32 | Create | Villager (Male) |
Build order — kenneth3011
147 actions detected in the replay
| 0:00 | Create | Villager (Male) |
| 0:01 | Create | Villager (Male) |
| 0:01 | Create | Villager (Male) |
| 0:05 | Build | House |
| 0:07 | Build | House |
| 0:54 | Create | Villager (Male) |
| 1:26 | Create | Villager (Male) |
| 2:07 | Create | Villager (Male) |
| 2:22 | Build | Lumber Camp |
| 2:29 | Create | Villager (Male) |
| 3:09 | Create | Villager (Male) |
| 3:09 | Create | Villager (Male) |
| 3:20 | Build | House |
| 3:52 | Create | Villager (Male) |
| 4:29 | Create | Villager (Male) |
| 4:30 | Create | Villager (Male) |
| 4:53 | Build | Mill |
| 5:18 | Create | Villager (Male) |
| 5:50 | Research | Loom |
| 6:06 | Create | Villager (Male) |
| 6:06 | Create | Villager (Male) |
| 6:31 | Create | Villager (Male) |
| 6:32 | Create | Villager (Male) |
| 7:07 | Build | Mill |
| 7:17 | Create | Villager (Male) |
| 7:18 | Create | Villager (Male) |
| 7:34 | Build | House |
| 8:33 | Create | Villager (Male) |
| 9:15 | Build | Barracks |
| 9:20 | Build | House |
| 9:23 | Research | Feudal Age |
| 9:35 | Build | Mining Camp |
| 10:00 | Create | Militia |
| 10:00 | Create | Militia |
| 10:01 | Create | Militia |
| 10:08 | Build | Palisade Gate |
| 10:17 | Build | Palisade Wall |
| 10:49 | Build | Mill |
| 11:08 | Build | House |
| 11:34 | Research | Man-at-Arms (upgrade) |
| 12:09 | Create | Villager (Male) |
| 12:12 | Create | Militia |
| 12:29 | Build | House |
| 12:31 | Create | Villager (Male) |
| 12:31 | Create | Villager (Male) |
| 12:47 | Build | Blacksmith |
| 13:06 | Research | Double-Bit Axe |
| 13:08 | Research | Horse Collar |
| 13:38 | Create | Militia |
| 13:46 | Create | Villager (Male) |
| 13:54 | Build | Archery Range |
| 14:01 | Build | Farm |
| 14:06 | Create | Villager (Male) |
| 14:30 | Create | Villager (Male) |
| 14:35 | Build | Farm |
| 14:38 | Build | Farm |
| 14:40 | Build | Farm |
| 15:02 | Create | Villager (Male) |
| 15:05 | Build | Farm |
| 15:07 | Build | Farm |
| 15:41 | Create | Villager (Male) |
| 15:43 | Research | Wheelbarrow |
| 15:48 | Build | Farm |
| 16:17 | Build | Lumber Camp |
| 16:28 | Build | House |
| 16:32 | Build | House |
| 16:36 | Create | Villager (Male) |
| 16:56 | Create | Villager (Male) |
| 17:03 | Build | Farm |
| 17:10 | Build | Farm |
| 17:11 | Build | Farm |
| 17:15 | Create | Villager (Male) |
| 18:00 | Create | Villager (Male) |
| 18:04 | Build | Farm |
| 18:07 | Build | Farm |
| 18:33 | Create | Villager (Male) |
| 18:33 | Create | Villager (Male) |
| 18:39 | Build | Farm |
| 19:03 | Create | Villager (Male) |
| 19:09 | Build | Farm |
| 19:16 | Build | Market |
| 19:39 | Create | Villager (Male) |
| 19:45 | Build | Farm |
| 19:52 | Build | Farm |
| 20:02 | Build | Farm |
| 20:02 | Build | Farm |
| 20:03 | Build | Farm |
| 21:02 | Research | Castle Age |
| 21:25 | Build | Mining Camp |
| 21:33 | Research | Stone Mining |
| 21:33 | Research | Gold Mining |
| 21:45 | Create | Skirmisher |
| 21:45 | Create | Skirmisher |
| 21:45 | Create | Skirmisher |
| 21:48 | Create | Skirmisher |
| 21:52 | Build | House |
| 21:54 | Build | House |
| 21:57 | Build | House |
| 21:58 | Build | House |
| 22:15 | Create | Villager (Male) |
| 22:35 | Build | House |
| 23:09 | Build | House |
| 23:11 | Build | House |
| 23:13 | Build | House |
| 24:09 | Research | Long Swordsman (upgrade) |
| 24:10 | Research | Gambesons |
| 24:12 | Create | Villager (Male) |
| 24:13 | Create | Villager (Male) |
| 24:21 | Research | Hand Cart |
| 25:01 | Build | Castle |
| 25:06 | Create | Villager (Male) |
| 25:07 | Create | Villager (Male) |
| 25:15 | Create | Militia |
| 25:15 | Create | Militia |
| 25:18 | Create | Villager (Male) |
| 25:19 | Create | Villager (Male) |
| 25:23 | Build | Farm |
| 25:28 | Create | Villager (Male) |
| 27:15 | Build | Town Center |
| 27:20 | Create | Villager (Male) |
| 28:21 | Build | Watch Tower |
| 28:28 | Build | Siege Workshop |
| 28:39 | Create | Villager (Male) |
| 28:39 | Create | Villager (Male) |
| 28:39 | Create | Villager (Male) |
| 28:39 | Create | Villager (Male) |
| 28:40 | Create | Villager (Male) |
| 28:40 | Create | Villager (Male) |
| 28:57 | Build | Monastery |
| 28:59 | Create | Villager (Male) |
| 29:28 | Research | Bow Saw |
| 29:36 | Research | Forging |
| 29:36 | Research | Scale Mail Armor |
| 30:15 | Create | Mangonel |
| 31:08 | Create | Villager (Male) |
| 32:27 | Create | Battering Ram |
| 32:53 | Create | Monk |
| 33:07 | Create | Villager (Male) |
| 33:07 | Create | Villager (Male) |
| 33:07 | Create | Villager (Male) |
| 33:44 | Research | Imperial Age |
| 34:29 | Build | Castle |
| 35:05 | Create | Militia |
| 35:05 | Create | Militia |
| 35:05 | Create | Militia |
| 35:25 | Create | Organ Gun |
| 35:26 | Create | Organ Gun |
Match timeline
| 3:21 | sandlot · wall_segment Palisade Wall x1 |
| 3:24 | sandlot · wall_segment Palisade Wall x1 |
| 3:26 | sandlot · wall_segment Palisade Wall x1 |
| 3:27 | sandlot · wall_segment Palisade Wall x1 |
| 5:17 | sandlot · wall_segment Palisade Wall x3 |
| 5:19 | sandlot · wall_segment Palisade Wall x2 |
| 5:19 | sandlot · wall_segment Palisade Wall x1 |
| 8:17 | sandlot · first_building Barracks |
| 9:12 | sandlot · wall_segment Palisade Wall x6 |
| 9:15 | kenneth3011 · first_building Barracks |
| 10:17 | kenneth3011 · wall_segment Palisade Wall x1 |
| 10:25 | sandlot · age_up feudal |
| 13:06 | sandlot · first_building Archery Range |
| 13:54 | kenneth3011 · first_building Archery Range |
| 14:34 | sandlot · wall_segment Palisade Wall x1 |
| 17:06 | sandlot · wall_segment Palisade Wall x7 |
| 17:10 | sandlot · wall_segment Palisade Wall x10 |
| 20:43 | sandlot · age_up castle |
| 25:01 | kenneth3011 · first_building Castle |
| 25:02 | sandlot · first_building Monastery |
| 25:41 | sandlot · first_market_buy 100 stone |
| 25:42 | sandlot · first_market_sell 100 food |
| 25:56 | sandlot · first_building Castle |
| 26:04 | kenneth3011 · first_market_buy 100 wood |
| 27:06 | kenneth3011 · first_market_sell 100 food |
| 27:22 | sandlot · first_building Siege Workshop |
| 28:28 | kenneth3011 · first_building Siege Workshop |
| 28:57 | kenneth3011 · first_building Monastery |
| 37:02 | kenneth3011 · resign |
[ AI ANALYSIS · 1 CREDIT ]
What really happened in this match?
Wolo.gg analyzes every decision: build order, eco, micro, common mistakes by bracket. Personalized analysis on WhatsApp or Discord in 30 seconds.
Civ guide
Celts
Map guide
Arabia
Perfil
Jugador #11670817